[ PARTIDA AOE2 · #483221996 ]
UnrankedBizantinos vs Byzantines
[ ANÁLISIS DE REPETICIÓN · EXTRAÍDO DE LA PARTIDA GRABADA ]
Feudal
14:46
Castillos
21:37
Imperial
30:49
| APM promedio | 9.5 |
| APM pico | 38 |
| eAPM promedio | 6.9 |
| Aldeanos / militares | 68 / 27 |
Foco
⚔️ 27.0% · 🌾 73.0%
Skirmisher ×11 · Spearman ×9 · Cataphract ×6 · Trade Cart ×3 · Monk ×1
Feudal
11:57
Castillos
21:12
Imperial
37:13
| APM promedio | 18.6 |
| APM pico | 56 |
| eAPM promedio | 12.4 |
| Aldeanos / militares | 107 / 35 |
Foco
⚔️ 19.7% · 🌾 80.3%
Boyar ×20 · Spearman ×10 · Monk ×3 · Mangonel ×2 · Trade Cart ×2
Feudal
12:10
Castillos
24:10
Imperial
—
| APM promedio | 15.8 |
| APM pico | 33 |
| eAPM promedio | 10.7 |
| Aldeanos / militares | 86 / 62 |
Foco
⚔️ 27.5% · 🌾 72.5%
Militia ×57 · Scout Cavalry ×5
Feudal
—
Castillos
—
Imperial
—
| APM promedio | 0.1 |
| APM pico | 6 |
| eAPM promedio | 0.1 |
| Aldeanos / militares | 0 / 0 |
Feudal
13:27
Castillos
26:35
Imperial
41:13
| APM promedio | 29.2 |
| APM pico | 69 |
| eAPM promedio | 13.8 |
| Aldeanos / militares | 68 / 27 |
Foco
⚔️ 33.7% · 🌾 66.3%
Cavalry Archer ×27
Feudal
11:16
Castillos
21:17
Imperial
37:33
| APM promedio | 21.1 |
| APM pico | 49 |
| eAPM promedio | 10.0 |
| Aldeanos / militares | 82 / 19 |
Foco
⚔️ 18.9% · 🌾 81.1%
Cavalry Archer ×12 · Trebuchet (Packed) ×4 · Trade Cart ×3 · Scout Cavalry ×2 · Monk ×1
Mapa de la partida
Recursos iniciales + cada clic de construcción. Líneas = muros · curvas = relieve. ◆ oro · ⬟ piedra · ● bayas · ✦ reliquia · ◌ hueco del cierre
Tu base· Abierta — flanco sin cerrar
Base de Minhajt· Abierta — flanco sin cerrar
Base de yazidzr· Abierta — hueco de 4t
Base de NedKing· Abierta — flanco sin cerrar
Base de len´s_goth· Abierta — flanco sin cerrar
Base de Smash· Abierta — flanco sin cerrar
Terreno inicial suavizado · ◌ = hueco del cierre detectado · pasá el cursor para detalles
Inputs por minuto
— Bélisaire - - Minhajt
Build order — Bélisaire
Primeras 150 de 177 acciones detectadas
| 0:05 | Investigar | Loom |
| 0:06 | Crear | Villager (Male) |
| 0:06 | Crear | Villager (Male) |
| 0:06 | Crear | Villager (Male) |
| 0:06 | Crear | Villager (Male) |
| 0:15 | Construir | House |
| 1:01 | Construir | House |
| 1:35 | Construir | House |
| 1:44 | Crear | Villager (Male) |
| 1:44 | Crear | Villager (Male) |
| 2:24 | Construir | House |
| 2:34 | Crear | Villager (Male) |
| 2:34 | Crear | Villager (Male) |
| 2:41 | Construir | House |
| 3:13 | Crear | Villager (Male) |
| 3:31 | Construir | House |
| 3:42 | Crear | Villager (Male) |
| 4:00 | Construir | House |
| 4:13 | Crear | Villager (Male) |
| 4:44 | Crear | Villager (Male) |
| 4:45 | Crear | Villager (Male) |
| 4:57 | Construir | Lumber Camp |
| 5:01 | Crear | Villager (Male) |
| 5:28 | Crear | Villager (Male) |
| 5:38 | Crear | Villager (Male) |
| 6:07 | Crear | Villager (Male) |
| 6:07 | Crear | Villager (Male) |
| 6:39 | Crear | Villager (Male) |
| 6:39 | Crear | Villager (Male) |
| 6:40 | Crear | Villager (Male) |
| 6:58 | Crear | Villager (Male) |
| 6:59 | Crear | Villager (Male) |
| 7:08 | Crear | Villager (Male) |
| 7:34 | Construir | Mill |
| 7:38 | Crear | Villager (Male) |
| 7:40 | Crear | Villager (Male) |
| 8:27 | Construir | Mill |
| 8:33 | Crear | Villager (Male) |
| 9:47 | Crear | Villager (Male) |
| 9:49 | Crear | Villager (Male) |
| 9:50 | Crear | Villager (Male) |
| 10:59 | Construir | Farm |
| 11:03 | Construir | Farm |
| 11:06 | Construir | Farm |
| 11:10 | Construir | Farm |
| 11:15 | Construir | Farm |
| 11:20 | Construir | Farm |
| 11:23 | Construir | Farm |
| 11:26 | Construir | Farm |
| 11:34 | Construir | Farm |
| 11:38 | Construir | Farm |
| 11:48 | Construir | Farm |
| 12:21 | Construir | Mining Camp |
| 12:36 | Investigar | Feudal Age |
| 13:14 | Crear | Villager (Male) |
| 13:14 | Crear | Villager (Male) |
| 13:24 | Construir | Barracks |
| 14:01 | Crear | Villager (Male) |
| 14:01 | Crear | Villager (Male) |
| 14:02 | Crear | Villager (Male) |
| 14:02 | Crear | Villager (Male) |
| 14:46 | Edad | Edad Feudal |
| 15:36 | Construir | Blacksmith |
| 15:43 | Construir | Blacksmith |
| 15:49 | Construir | Farm |
| 15:59 | Crear | Villager (Male) |
| 16:07 | Construir | Farm |
| 16:27 | Construir | Stable |
| 16:36 | Construir | Mining Camp |
| 16:55 | Crear | Villager (Male) |
| 17:21 | Construir | Archery Range |
| 17:30 | Construir | Farm |
| 18:01 | Crear | Villager (Male) |
| 18:04 | Crear | Villager (Male) |
| 18:12 | Construir | Farm |
| 18:19 | Investigar | Castle Age |
| 18:37 | Construir | Barracks |
| 18:43 | Construir | Farm |
| 18:47 | Investigar | Double-Bit Axe |
| 19:00 | Crear | Spearman |
| 19:01 | Crear | Spearman |
| 19:39 | Crear | Spearman |
| 19:39 | Crear | Spearman |
| 20:01 | Crear | Spearman |
| 20:06 | Construir | Barracks |
| 20:09 | Crear | Spearman |
| 20:09 | Crear | Spearman |
| 20:10 | Crear | Spearman |
| 20:10 | Crear | Spearman |
| 20:29 | Construir | Farm |
| 20:32 | Crear | Villager (Male) |
| 20:32 | Crear | Villager (Male) |
| 20:35 | Investigar | Stone Mining |
| 21:21 | Construir | Farm |
| 21:23 | Construir | Farm |
| 21:37 | Edad | Edad de los Castillos |
| 21:43 | Construir | Farm |
| 22:04 | Construir | Farm |
| 22:10 | Construir | Farm |
| 22:19 | Crear | Villager (Male) |
| 22:21 | Crear | Villager (Male) |
| 22:23 | Crear | Villager (Male) |
| 22:24 | Crear | Villager (Male) |
| 22:25 | Crear | Villager (Male) |
| 22:38 | Construir | Farm |
| 22:57 | Investigar | Forging |
| 23:00 | Investigar | Squires |
| 23:13 | Investigar | Gold Mining |
| 23:17 | Crear | Villager (Male) |
| 23:18 | Crear | Villager (Male) |
| 23:23 | Crear | Villager (Male) |
| 23:24 | Crear | Villager (Male) |
| 23:25 | Crear | Villager (Male) |
| 23:43 | Investigar | Arson |
| 23:45 | Investigar | Pikeman (upgrade) |
| 24:13 | Construir | Castle |
| 24:30 | Crear | Villager (Male) |
| 24:43 | Construir | Farm |
| 24:46 | Investigar | Horse Collar |
| 24:49 | Investigar | Gold Shaft Mining |
| 25:33 | Crear | Villager (Male) |
| 25:34 | Crear | Villager (Male) |
| 25:50 | Construir | Market |
| 26:25 | Crear | Villager (Male) |
| 26:27 | Crear | Villager (Male) |
| 26:30 | Crear | Villager (Male) |
| 26:30 | Crear | Villager (Male) |
| 26:34 | Investigar | Stone Shaft Mining |
| 26:56 | Construir | Monastery |
| 27:39 | Investigar | Imperial Age |
| 27:58 | Crear | Monk |
| 28:17 | Crear | Trade Cart |
| 28:19 | Crear | Trade Cart |
| 28:34 | Construir | Siege Workshop |
| 28:49 | Construir | University |
| 29:04 | Construir | Lumber Camp |
| 29:23 | Investigar | Bow Saw |
| 29:40 | Investigar | Fletching |
| 29:41 | Investigar | Iron Casting |
| 30:18 | Construir | Farm |
| 30:23 | Investigar | Bodkin Arrow |
| 30:25 | Investigar | Husbandry |
| 30:26 | Investigar | Light Cavalry (upgrade) |
| 30:45 | Crear | Trade Cart |
| 30:49 | Edad | Edad Imperial |
| 30:50 | Construir | Farm |
| 31:06 | Construir | Farm |
| 32:05 | Construir | Archery Range |
| 32:22 | Construir | Farm |
| 32:27 | Crear | Skirmisher |
Build order — Minhajt
Primeras 150 de 246 acciones detectadas
| 0:01 | Crear | Villager (Male) |
| 0:03 | Construir | House |
| 0:05 | Construir | House |
| 0:57 | Crear | Villager (Male) |
| 0:57 | Crear | Villager (Male) |
| 1:35 | Crear | Villager (Male) |
| 2:16 | Crear | Villager (Male) |
| 2:41 | Crear | Villager (Male) |
| 2:42 | Crear | Villager (Male) |
| 2:56 | Crear | Villager (Male) |
| 3:01 | Construir | Lumber Camp |
| 3:14 | Crear | Villager (Male) |
| 3:14 | Crear | Villager (Male) |
| 3:34 | Crear | Villager (Male) |
| 4:10 | Construir | House |
| 4:12 | Crear | Villager (Male) |
| 4:29 | Crear | Villager (Male) |
| 4:33 | Construir | Mill |
| 4:45 | Construir | House |
| 4:56 | Investigar | Loom |
| 5:06 | Crear | Villager (Male) |
| 5:06 | Crear | Villager (Male) |
| 5:37 | Construir | House |
| 5:41 | Crear | Villager (Male) |
| 6:01 | Construir | Outpost |
| 6:03 | Crear | Villager (Male) |
| 6:03 | Crear | Villager (Male) |
| 6:29 | Crear | Villager (Male) |
| 6:38 | Construir | Palisade Wall |
| 7:01 | Crear | Villager (Male) |
| 7:02 | Crear | Villager (Male) |
| 7:45 | Construir | Outpost |
| 8:40 | Construir | Outpost |
| 8:44 | Crear | Villager (Male) |
| 8:45 | Crear | Villager (Male) |
| 9:16 | Construir | Outpost |
| 9:35 | Investigar | Feudal Age |
| 9:53 | Construir | Barracks |
| 10:43 | Construir | Mining Camp |
| 10:50 | Crear | Villager (Male) |
| 10:51 | Crear | Villager (Male) |
| 11:18 | Construir | Outpost |
| 11:57 | Edad | Edad Feudal |
| 12:06 | Construir | Outpost |
| 12:15 | Construir | Mill |
| 12:20 | Crear | Villager (Male) |
| 12:25 | Investigar | Double-Bit Axe |
| 12:57 | Construir | Palisade Wall |
| 13:00 | Construir | Palisade Wall |
| 13:04 | Construir | Palisade Wall |
| 13:08 | Construir | Palisade Wall |
| 13:15 | Construir | Palisade Gate |
| 13:19 | Crear | Villager (Male) |
| 13:20 | Crear | Villager (Male) |
| 13:20 | Crear | Villager (Male) |
| 13:21 | Crear | Villager (Male) |
| 13:25 | Construir | Mill |
| 13:43 | Crear | Villager (Male) |
| 14:21 | Construir | Farm |
| 14:22 | Construir | Farm |
| 14:55 | Construir | House |
| 14:56 | Construir | House |
| 14:58 | Construir | House |
| 15:00 | Crear | Villager (Male) |
| 15:03 | Construir | Farm |
| 15:07 | Construir | Farm |
| 15:33 | Crear | Villager (Male) |
| 15:36 | Construir | Farm |
| 15:40 | Construir | Farm |
| 15:41 | Construir | Farm |
| 15:43 | Construir | Farm |
| 15:46 | Construir | Farm |
| 15:48 | Construir | Farm |
| 15:51 | Construir | Farm |
| 15:55 | Construir | Farm |
| 15:58 | Crear | Villager (Male) |
| 16:15 | Construir | Blacksmith |
| 16:18 | Crear | Villager (Male) |
| 16:27 | Construir | Market |
| 16:35 | Crear | Villager (Male) |
| 16:40 | Construir | Farm |
| 17:22 | Crear | Spearman |
| 17:33 | Crear | Villager (Male) |
| 18:00 | Crear | Villager (Male) |
| 18:25 | Crear | Spearman |
| 18:32 | Investigar | Castle Age |
| 18:37 | Construir | Mining Camp |
| 19:01 | Crear | Spearman |
| 19:01 | Crear | Spearman |
| 19:02 | Crear | Spearman |
| 19:06 | Construir | Barracks |
| 19:13 | Construir | Lumber Camp |
| 19:27 | Construir | Barracks |
| 19:29 | Investigar | Forging |
| 19:31 | Investigar | Scale Mail Armor |
| 19:32 | Investigar | Forging |
| 19:42 | Construir | House |
| 19:59 | Crear | Spearman |
| 19:59 | Crear | Spearman |
| 20:17 | Investigar | Gold Mining |
| 20:22 | Investigar | Horse Collar |
| 20:48 | Crear | Spearman |
| 20:48 | Crear | Spearman |
| 20:49 | Crear | Spearman |
| 21:06 | Crear | Villager (Male) |
| 21:12 | Edad | Edad de los Castillos |
| 21:25 | Construir | Town Center |
| 21:47 | Construir | Town Center |
| 21:56 | Crear | Villager (Male) |
| 21:57 | Crear | Villager (Male) |
| 21:57 | Crear | Villager (Male) |
| 22:26 | Crear | Villager (Male) |
| 22:26 | Crear | Villager (Male) |
| 22:33 | Investigar | Wheelbarrow |
| 22:52 | Crear | Villager (Male) |
| 22:52 | Crear | Villager (Male) |
| 23:28 | Investigar | Squires |
| 23:32 | Crear | Villager (Male) |
| 23:33 | Crear | Villager (Male) |
| 24:04 | Crear | Villager (Male) |
| 24:04 | Crear | Villager (Male) |
| 24:05 | Crear | Villager (Male) |
| 24:16 | Crear | Villager (Male) |
| 24:16 | Crear | Villager (Male) |
| 24:18 | Crear | Villager (Male) |
| 24:24 | Crear | Villager (Male) |
| 24:40 | Crear | Villager (Male) |
| 24:40 | Crear | Villager (Male) |
| 24:49 | Crear | Villager (Male) |
| 25:02 | Construir | Monastery |
| 25:13 | Construir | Town Center |
| 25:39 | Construir | Market |
| 25:54 | Crear | Monk |
| 25:55 | Crear | Monk |
| 26:00 | Construir | Farm |
| 26:10 | Construir | Farm |
| 26:15 | Crear | Villager (Male) |
| 26:15 | Crear | Villager (Male) |
| 26:15 | Crear | Villager (Male) |
| 26:27 | Construir | Farm |
| 26:29 | Crear | Villager (Male) |
| 26:29 | Crear | Villager (Male) |
| 26:29 | Crear | Villager (Male) |
| 26:30 | Crear | Villager (Male) |
| 26:32 | Crear | Villager (Male) |
| 26:48 | Construir | Farm |
| 27:08 | Crear | Monk |
| 27:10 | Crear | Villager (Male) |
| 27:10 | Crear | Villager (Male) |
| 27:11 | Crear | Villager (Male) |
Build order — yazidzr
Primeras 150 de 269 acciones detectadas
| 0:03 | Construir | House |
| 0:05 | Construir | House |
| 0:31 | Crear | Villager (Male) |
| 0:31 | Crear | Villager (Male) |
| 0:31 | Crear | Villager (Male) |
| 1:52 | Crear | Villager (Male) |
| 2:30 | Construir | Lumber Camp |
| 2:33 | Crear | Villager (Male) |
| 2:52 | Crear | Villager (Male) |
| 3:25 | Crear | Villager (Male) |
| 3:25 | Crear | Villager (Male) |
| 4:33 | Crear | Villager (Male) |
| 4:34 | Crear | Villager (Male) |
| 5:03 | Crear | Villager (Male) |
| 5:20 | Crear | Villager (Male) |
| 5:30 | Construir | Mill |
| 6:03 | Crear | Villager (Male) |
| 6:04 | Crear | Villager (Male) |
| 6:10 | Construir | House |
| 6:15 | Construir | House |
| 6:17 | Construir | House |
| 6:22 | Construir | Farm |
| 6:22 | Construir | Farm |
| 6:23 | Construir | Farm |
| 6:23 | Construir | Farm |
| 6:23 | Construir | Farm |
| 6:49 | Construir | Farm |
| 6:50 | Construir | Farm |
| 7:05 | Investigar | Loom |
| 7:49 | Crear | Villager (Male) |
| 7:49 | Crear | Villager (Male) |
| 8:20 | Construir | Barracks |
| 8:24 | Construir | Palisade Wall |
| 8:59 | Crear | Villager (Male) |
| 9:35 | Construir | Lumber Camp |
| 9:44 | Crear | Villager (Male) |
| 9:46 | Construir | Farm |
| 10:01 | Investigar | Feudal Age |
| 10:16 | Construir | Farm |
| 10:47 | Construir | Farm |
| 10:49 | Crear | Villager (Male) |
| 10:49 | Crear | Villager (Male) |
| 11:22 | Investigar | Loom |
| 11:23 | Crear | Villager (Male) |
| 11:24 | Crear | Villager (Male) |
| 11:43 | Crear | Villager (Male) |
| 11:56 | Construir | Lumber Camp |
| 12:00 | Crear | Villager (Male) |
| 12:01 | Crear | Villager (Male) |
| 12:10 | Edad | Edad Feudal |
| 12:12 | Crear | Villager (Male) |
| 12:13 | Crear | Villager (Male) |
| 12:35 | Construir | Market |
| 12:54 | Construir | Lumber Camp |
| 12:59 | Investigar | Double-Bit Axe |
| 13:24 | Construir | Stable |
| 13:30 | Crear | Villager (Male) |
| 13:33 | Construir | Farm |
| 13:44 | Construir | Farm |
| 13:46 | Crear | Villager (Male) |
| 13:56 | Construir | House |
| 14:04 | Construir | Farm |
| 14:33 | Construir | Blacksmith |
| 14:41 | Construir | Farm |
| 14:43 | Crear | Villager (Male) |
| 14:44 | Crear | Villager (Male) |
| 14:59 | Construir | Farm |
| 15:16 | Construir | House |
| 15:24 | Crear | Villager (Male) |
| 15:24 | Crear | Villager (Male) |
| 15:35 | Crear | Scout Cavalry |
| 15:35 | Crear | Scout Cavalry |
| 15:35 | Crear | Scout Cavalry |
| 15:55 | Crear | Villager (Male) |
| 16:05 | Construir | Barracks |
| 16:15 | Construir | Mining Camp |
| 16:34 | Construir | House |
| 16:36 | Construir | House |
| 16:43 | Construir | Palisade Wall |
| 16:44 | Construir | Palisade Wall |
| 16:54 | Crear | Scout Cavalry |
| 16:56 | Crear | Scout Cavalry |
| 16:59 | Crear | Villager (Male) |
| 17:38 | Construir | Mill |
| 17:48 | Crear | Villager (Male) |
| 17:49 | Crear | Villager (Male) |
| 17:54 | Crear | Villager (Male) |
| 17:54 | Crear | Villager (Male) |
| 18:27 | Investigar | Forging |
| 18:47 | Crear | Villager (Male) |
| 18:47 | Crear | Villager (Male) |
| 18:47 | Crear | Villager (Male) |
| 21:15 | Construir | Farm |
| 21:30 | Investigar | Castle Age |
| 22:04 | Investigar | Gold Mining |
| 22:32 | Construir | Lumber Camp |
| 22:51 | Construir | Lumber Camp |
| 23:27 | Construir | Farm |
| 23:32 | Construir | Farm |
| 23:38 | Construir | Farm |
| 23:43 | Crear | Villager (Male) |
| 23:44 | Crear | Villager (Male) |
| 24:10 | Edad | Edad de los Castillos |
| 24:18 | Investigar | Bow Saw |
| 24:20 | Investigar | Horse Collar |
| 24:27 | Investigar | Wheelbarrow |
| 24:34 | Investigar | Man-at-Arms (upgrade) |
| 24:52 | Crear | Villager (Male) |
| 24:53 | Crear | Villager (Male) |
| 25:05 | Construir | Town Center |
| 25:27 | Construir | Town Center |
| 25:40 | Investigar | Long Swordsman (upgrade) |
| 25:44 | Crear | Militia |
| 25:44 | Crear | Militia |
| 25:45 | Crear | Militia |
| 25:45 | Crear | Militia |
| 25:45 | Crear | Militia |
| 25:45 | Crear | Militia |
| 25:46 | Crear | Militia |
| 25:46 | Crear | Militia |
| 25:46 | Crear | Militia |
| 26:18 | Construir | Farm |
| 26:18 | Construir | Farm |
| 26:18 | Construir | Farm |
| 26:19 | Construir | Farm |
| 26:19 | Construir | Farm |
| 26:19 | Construir | Farm |
| 26:29 | Crear | Villager (Male) |
| 26:29 | Crear | Villager (Male) |
| 26:29 | Crear | Villager (Male) |
| 27:01 | Crear | Villager (Male) |
| 27:01 | Crear | Villager (Male) |
| 27:06 | Investigar | Gold Shaft Mining |
| 27:30 | Construir | Farm |
| 27:40 | Construir | Farm |
| 27:43 | Crear | Villager (Male) |
| 27:43 | Crear | Villager (Male) |
| 27:50 | Crear | Villager (Male) |
| 27:50 | Crear | Villager (Male) |
| 27:50 | Crear | Villager (Male) |
| 27:51 | Crear | Villager (Male) |
| 27:51 | Crear | Villager (Male) |
| 27:51 | Crear | Villager (Male) |
| 28:02 | Crear | Villager (Male) |
| 28:10 | Crear | Villager (Male) |
| 28:10 | Crear | Villager (Male) |
| 28:31 | Construir | Mill |
| 28:35 | Construir | Farm |
| 28:36 | Construir | Farm |
| 28:36 | Construir | Farm |
Build order — NedKing
0 acciones detectadas en el replay
Build order — len´s_goth
Primeras 150 de 201 acciones detectadas
| 0:03 | Crear | Villager (Male) |
| 0:04 | Crear | Villager (Male) |
| 0:04 | Crear | Villager (Male) |
| 0:09 | Construir | House |
| 0:11 | Construir | House |
| 1:28 | Crear | Villager (Male) |
| 2:00 | Construir | Lumber Camp |
| 2:06 | Crear | Villager (Male) |
| 2:23 | Crear | Villager (Male) |
| 2:57 | Crear | Villager (Male) |
| 2:57 | Crear | Villager (Male) |
| 3:27 | Crear | Villager (Male) |
| 3:51 | Crear | Villager (Male) |
| 3:58 | Construir | House |
| 4:27 | Crear | Villager (Male) |
| 4:52 | Crear | Villager (Male) |
| 5:14 | Crear | Villager (Male) |
| 5:17 | Construir | Mill |
| 5:39 | Crear | Villager (Male) |
| 6:03 | Crear | Villager (Male) |
| 6:32 | Crear | Villager (Male) |
| 6:48 | Crear | Villager (Male) |
| 6:57 | Construir | House |
| 7:12 | Construir | Mill |
| 7:19 | Crear | Villager (Male) |
| 8:02 | Crear | Villager (Male) |
| 8:18 | Crear | Villager (Male) |
| 8:18 | Crear | Villager (Male) |
| 8:57 | Crear | Villager (Male) |
| 9:21 | Construir | Farm |
| 9:22 | Construir | Farm |
| 9:23 | Construir | Farm |
| 9:24 | Construir | Farm |
| 9:29 | Investigar | Loom |
| 9:32 | Crear | Villager (Male) |
| 9:33 | Crear | Villager (Male) |
| 9:41 | Construir | Farm |
| 9:42 | Construir | Farm |
| 9:44 | Construir | Farm |
| 9:47 | Construir | House |
| 9:54 | Construir | Mining Camp |
| 10:00 | Crear | Villager (Male) |
| 10:00 | Crear | Villager (Male) |
| 10:04 | Investigar | Loom |
| 10:14 | Construir | House |
| 10:40 | Construir | Farm |
| 11:17 | Investigar | Feudal Age |
| 11:25 | Construir | Barracks |
| 11:26 | Construir | House |
| 12:25 | Construir | House |
| 13:27 | Edad | Edad Feudal |
| 13:33 | Construir | Town Center |
| 13:40 | Construir | Lumber Camp |
| 13:48 | Construir | Mining Camp |
| 13:50 | Crear | Villager (Male) |
| 13:50 | Crear | Villager (Male) |
| 13:54 | Investigar | Stone Mining |
| 13:56 | Investigar | Double-Bit Axe |
| 14:25 | Crear | Villager (Male) |
| 14:32 | Crear | Villager (Male) |
| 14:32 | Crear | Villager (Male) |
| 15:01 | Crear | Villager (Male) |
| 15:01 | Crear | Villager (Male) |
| 15:18 | Crear | Villager (Male) |
| 15:29 | Crear | Villager (Male) |
| 15:34 | Investigar | Wheelbarrow |
| 15:50 | Crear | Villager (Male) |
| 16:11 | Crear | Villager (Male) |
| 16:12 | Crear | Villager (Male) |
| 16:36 | Construir | Farm |
| 16:37 | Construir | Farm |
| 16:39 | Construir | Farm |
| 16:40 | Construir | Farm |
| 16:45 | Construir | Farm |
| 16:48 | Construir | Farm |
| 16:54 | Crear | Villager (Male) |
| 16:55 | Crear | Villager (Male) |
| 17:21 | Crear | Villager (Male) |
| 17:36 | Crear | Villager (Male) |
| 17:43 | Crear | Villager (Male) |
| 18:05 | Crear | Villager (Male) |
| 18:06 | Crear | Villager (Male) |
| 18:20 | Crear | Villager (Male) |
| 18:21 | Crear | Villager (Male) |
| 18:37 | Construir | Archery Range |
| 18:38 | Construir | Archery Range |
| 18:41 | Construir | Palisade Wall |
| 18:46 | Crear | Villager (Male) |
| 19:04 | Crear | Villager (Male) |
| 19:05 | Crear | Villager (Male) |
| 19:10 | Crear | Villager (Male) |
| 19:31 | Crear | Villager (Male) |
| 19:37 | Investigar | Town Watch |
| 19:50 | Construir | Blacksmith |
| 19:51 | Construir | House |
| 19:55 | Crear | Villager (Male) |
| 20:15 | Construir | Farm |
| 20:15 | Construir | Farm |
| 20:15 | Construir | Farm |
| 20:16 | Construir | Farm |
| 20:16 | Construir | Farm |
| 20:16 | Construir | Farm |
| 20:16 | Construir | Farm |
| 20:16 | Construir | Farm |
| 20:17 | Construir | Farm |
| 20:17 | Construir | Farm |
| 20:17 | Construir | Farm |
| 20:17 | Construir | Farm |
| 20:20 | Construir | Farm |
| 20:24 | Construir | House |
| 20:25 | Construir | House |
| 20:34 | Construir | Farm |
| 20:44 | Crear | Villager (Male) |
| 20:45 | Crear | Villager (Male) |
| 21:09 | Crear | Villager (Male) |
| 21:10 | Crear | Villager (Male) |
| 21:22 | Construir | Market |
| 21:23 | Construir | House |
| 21:25 | Crear | Villager (Male) |
| 21:26 | Crear | Villager (Male) |
| 21:32 | Construir | House |
| 21:35 | Construir | House |
| 21:36 | Construir | House |
| 22:09 | Investigar | Gold Mining |
| 22:12 | Crear | Villager (Male) |
| 22:13 | Crear | Villager (Male) |
| 22:27 | Construir | Lumber Camp |
| 22:59 | Construir | Farm |
| 23:01 | Crear | Villager (Male) |
| 23:07 | Construir | Mill |
| 23:08 | Construir | Farm |
| 23:08 | Construir | Farm |
| 23:09 | Construir | Farm |
| 23:09 | Construir | Farm |
| 23:09 | Construir | Farm |
| 23:10 | Construir | Farm |
| 23:10 | Construir | Farm |
| 23:18 | Crear | Villager (Male) |
| 23:18 | Crear | Villager (Male) |
| 23:21 | Construir | Lumber Camp |
| 23:34 | Investigar | Horse Collar |
| 23:55 | Investigar | Castle Age |
| 25:01 | Investigar | Padded Archer Armor |
| 25:02 | Investigar | Fletching |
| 25:03 | Investigar | Scale Barding Armor |
| 25:14 | Crear | Villager (Male) |
| 26:35 | Edad | Edad de los Castillos |
| 26:56 | Investigar | Thumb Ring |
| 26:56 | Crear | Cavalry Archer |
| 26:57 | Crear | Cavalry Archer |
Build order — Smash
Primeras 150 de 203 acciones detectadas
| 0:03 | Construir | House |
| 0:04 | Construir | House |
| 0:05 | Investigar | Loom |
| 0:05 | Crear | Villager (Male) ×3 |
| 0:06 | Crear | Villager (Male) ×3 |
| 2:01 | Crear | Villager (Male) |
| 2:42 | Crear | Villager (Male) |
| 2:42 | Crear | Villager (Male) |
| 2:43 | Crear | Villager (Male) |
| 3:15 | Crear | Villager (Male) |
| 3:34 | Construir | Lumber Camp |
| 4:07 | Crear | Villager (Male) |
| 4:07 | Crear | Villager (Male) |
| 4:29 | Construir | House |
| 4:53 | Crear | Villager (Male) |
| 4:54 | Crear | Villager (Male) |
| 6:15 | Crear | Villager (Male) |
| 6:15 | Crear | Villager (Male) |
| 6:17 | Crear | Villager (Male) |
| 6:40 | Crear | Villager (Male) |
| 6:52 | Construir | House |
| 7:06 | Construir | Mill |
| 7:40 | Crear | Villager (Male) |
| 7:41 | Crear | Villager (Male) |
| 8:12 | Construir | House |
| 9:06 | Investigar | Feudal Age |
| 9:18 | Construir | Mill |
| 9:43 | Construir | Mining Camp |
| 10:52 | Crear | Villager (Male) |
| 10:53 | Crear | Villager (Male) |
| 10:53 | Crear | Villager (Male) |
| 10:54 | Crear | Villager (Male) |
| 10:54 | Crear | Villager (Male) |
| 11:16 | Edad | Edad Feudal |
| 11:18 | Construir | Farm |
| 11:18 | Construir | Farm |
| 11:18 | Construir | Farm |
| 11:18 | Construir | Farm |
| 11:30 | Construir | Stable |
| 11:41 | Construir | House |
| 11:48 | Investigar | Double-Bit Axe |
| 12:31 | Crear | Scout Cavalry |
| 12:59 | Construir | Farm |
| 13:04 | Construir | Farm |
| 13:38 | Crear | Villager (Male) |
| 13:38 | Crear | Villager (Male) |
| 13:43 | Construir | Farm |
| 13:45 | Construir | Farm |
| 13:55 | Construir | Blacksmith |
| 14:30 | Crear | Villager (Male) |
| 14:30 | Crear | Villager (Male) |
| 14:35 | Investigar | Horse Collar |
| 14:41 | Crear | Scout Cavalry |
| 14:51 | Construir | House |
| 15:03 | Construir | Farm |
| 15:09 | Construir | Farm |
| 15:37 | Construir | Mining Camp |
| 15:40 | Construir | House |
| 15:49 | Crear | Villager (Male) |
| 15:52 | Construir | Farm |
| 15:59 | Construir | Farm |
| 16:30 | Crear | Villager (Male) |
| 16:32 | Crear | Villager (Male) |
| 16:32 | Crear | Villager (Male) |
| 16:37 | Construir | Farm |
| 16:54 | Construir | House |
| 17:21 | Construir | Outpost |
| 17:53 | Construir | Farm |
| 18:33 | Investigar | Bloodlines |
| 18:37 | Investigar | Castle Age |
| 19:19 | Construir | Outpost |
| 19:40 | Construir | Archery Range |
| 20:05 | Construir | Outpost |
| 21:05 | Construir | Market |
| 21:10 | Construir | House |
| 21:14 | Construir | House |
| 21:16 | Construir | House |
| 21:17 | Edad | Edad de los Castillos |
| 21:23 | Crear | Villager (Male) |
| 21:23 | Crear | Villager (Male) |
| 21:24 | Crear | Villager (Male) |
| 21:24 | Crear | Villager (Male) |
| 21:29 | Construir | Town Center |
| 21:33 | Investigar | Bow Saw |
| 21:49 | Construir | University |
| 21:51 | Construir | House |
| 22:36 | Crear | Trade Cart |
| 22:40 | Crear | Villager (Male) |
| 22:40 | Crear | Villager (Male) |
| 23:16 | Construir | Stone Wall |
| 23:19 | Construir | Gate |
| 23:44 | Crear | Villager (Male) |
| 23:44 | Crear | Villager (Male) |
| 23:45 | Crear | Villager (Male) |
| 23:46 | Crear | Villager (Male) |
| 23:50 | Construir | Lumber Camp |
| 23:58 | Crear | Villager (Male) |
| 23:58 | Crear | Villager (Male) |
| 24:03 | Crear | Villager (Male) |
| 24:22 | Investigar | Murder Holes |
| 24:26 | Investigar | Fletching |
| 25:02 | Crear | Cavalry Archer |
| 25:02 | Crear | Cavalry Archer |
| 25:02 | Crear | Cavalry Archer |
| 25:02 | Crear | Cavalry Archer |
| 25:19 | Investigar | Town Watch |
| 25:20 | Crear | Villager (Male) |
| 25:21 | Crear | Villager (Male) |
| 25:21 | Crear | Villager (Male) |
| 25:33 | Investigar | Heavy Plow |
| 26:03 | Construir | Archery Range |
| 26:07 | Crear | Villager (Male) |
| 26:08 | Crear | Villager (Male) |
| 26:08 | Crear | Villager (Male) |
| 26:09 | Crear | Villager (Male) |
| 26:09 | Crear | Villager (Male) |
| 26:13 | Construir | Farm |
| 26:14 | Construir | Farm |
| 26:18 | Investigar | Stone Mining |
| 26:35 | Investigar | Bodkin Arrow |
| 26:59 | Crear | Villager (Male) |
| 26:59 | Crear | Villager (Male) |
| 27:05 | Construir | Town Center |
| 27:18 | Crear | Cavalry Archer |
| 27:18 | Crear | Cavalry Archer |
| 27:25 | Crear | Villager (Male) |
| 27:59 | Construir | Outpost |
| 28:03 | Construir | Outpost |
| 28:15 | Crear | Cavalry Archer |
| 28:15 | Crear | Cavalry Archer |
| 28:18 | Investigar | Husbandry |
| 28:20 | Investigar | Padded Archer Armor |
| 28:45 | Crear | Cavalry Archer |
| 28:46 | Crear | Cavalry Archer |
| 28:48 | Crear | Villager (Male) |
| 28:49 | Crear | Villager (Male) |
| 28:52 | Crear | Villager (Male) |
| 28:53 | Crear | Villager (Male) |
| 29:09 | Construir | House |
| 29:10 | Construir | House |
| 29:15 | Construir | House |
| 29:16 | Construir | House |
| 29:17 | Construir | House |
| 29:20 | Crear | Villager (Male) |
| 29:20 | Crear | Villager (Male) |
| 29:21 | Crear | Villager (Male) |
| 29:23 | Crear | Villager (Male) |
| 29:23 | Crear | Villager (Male) |
| 29:36 | Crear | Cavalry Archer |
| 29:36 | Crear | Cavalry Archer |
Cronología de la partida
| 6:38 | Minhajt · wall_segment Palisade Wall x7 |
| 8:20 | yazidzr · first_building Barracks |
| 8:24 | yazidzr · wall_segment Palisade Wall x1 |
| 9:53 | Minhajt · first_building Barracks |
| 11:16 | Smash · age_up feudal |
| 11:25 | len´s_goth · first_building Barracks |
| 11:30 | Smash · first_building Stable |
| 11:57 | Minhajt · age_up feudal |
| 12:10 | yazidzr · age_up feudal |
| 12:57 | Minhajt · wall_segment Palisade Wall x6 |
| 13:00 | Minhajt · wall_segment Palisade Wall x10 |
| 13:04 | Minhajt · wall_segment Palisade Wall x11 |
| 13:08 | Minhajt · wall_segment Palisade Wall x9 |
| 13:24 | yazidzr · first_building Stable |
| 13:24 | Bélisaire · first_building Barracks |
| 13:27 | len´s_goth · age_up feudal |
| 14:46 | Bélisaire · age_up feudal |
| 16:27 | Bélisaire · first_building Stable |
| 16:43 | yazidzr · wall_segment Palisade Wall x1 |
| 16:44 | yazidzr · wall_segment Palisade Wall x1 |
| 17:21 | Bélisaire · first_building Archery Range |
| 18:37 | len´s_goth · first_building Archery Range |
| 18:41 | len´s_goth · wall_segment Palisade Wall x1 |
| 19:40 | Smash · first_building Archery Range |
| 21:12 | Minhajt · age_up castle |
| 21:17 | Smash · age_up castle |
| 21:37 | Bélisaire · age_up castle |
| 21:38 | Minhajt · first_market_buy 100 wood |
| 22:50 | len´s_goth · first_market_sell 100 wood |
| 23:16 | Smash · wall_segment Stone Wall x16 |
| 24:10 | yazidzr · age_up castle |
| 24:13 | Bélisaire · first_building Castle |
| 25:02 | Minhajt · first_building Monastery |
| 26:35 | len´s_goth · age_up castle |
| 26:56 | Bélisaire · first_building Monastery |
| 28:34 | Bélisaire · first_building Siege Workshop |
| 28:47 | len´s_goth · first_building Stable |
| 29:22 | len´s_goth · first_building Castle |
| 30:46 | Minhajt · first_building Castle |
| 30:49 | Bélisaire · age_up imperial |
| 31:09 | Smash · wall_segment Stone Wall x15 |
| 31:52 | yazidzr · first_building Monastery |
| 31:54 | Smash · first_building Castle |
| 32:12 | Minhajt · first_building Siege Workshop |
| 34:15 | Smash · first_building Monastery |
| 35:53 | Smash · wall_segment Stone Wall x6 |
| 35:59 | Smash · wall_segment Stone Wall x11 |
| 37:08 | len´s_goth · first_building Monastery |
| 37:13 | Minhajt · age_up imperial |
| 37:28 | Bélisaire · resign |
| 37:33 | Smash · age_up imperial |
| 38:46 | yazidzr · first_building Siege Workshop |
| 39:09 | yazidzr · first_market_buy 100 stone |
| 40:23 | Smash · first_market_buy 500 stone |
| 41:13 | len´s_goth · age_up imperial |
[ ANÁLISIS IA · 1 CRÉDITO ]
¿Qué pasó realmente en esta partida?
Wolo.gg analiza cada decisión: build order, eco, micro, errores típicos por bracket. Análisis personalizado por WhatsApp o Discord en 30 segundos.
Guía civ
Bizantinos
Perfil
Jugador #123014